 Dungeon Crawl Stone Soup version 0.30-a0-225-g04c3547f4f (webtiles) character file.

Game seed: 7768761196815717546

77 qw the Chopper (level 4, 0/28 HPs)
             Began as a Gargoyle Fighter on Oct 9, 2022.
             Slain by a gnoll
             ... wielding a +0 spear
              (6 damage)
             ... on level 3 of the Dungeon.
             The game lasted 00:00:31 (1754 turns).

qw the Chopper (Gargoyle Fighter)                   Turns: 1754, Time: 00:00:31

Health: 0/28       AC: 10    Str: 24    XL:     4   Next: 34%
Magic:  4/4        EV:  9    Int:  9    God:
Gold:   123        SH:  9    Dex:  9    Spells: 3/3 levels left

rFire   . . .      SeeInvis .    Y - +1 war axe
rCold   . . .      Faith    .    c - +0 buckler
rNeg    + . .      Spirit   .    b - +0 scale mail
rPois   inf        Reflect  +    (no helmet)
rElec   +          Harm     .    (no cloak)
rCorr   .          Rampage  .    (no gloves)
Will    .....      NoCast   +    (no boots)
Stlth   ..........               k - amulet of Weaffaok {Reflect -Cast Str+3 SH+5}
HPRegen 0.24/turn                (no ring)
MPRegen 0.09/turn                (no ring)

@: no status effects
A: sickness immunity, AC +3, negative energy resistance 1, electricity
resistance, torment resistance 1, petrification resistance
a: no special abilities


You were on level 3 of the Dungeon.
You visited 1 branch of the dungeon, and saw 3 of its levels.

You collected 123 gold pieces.


Innate Abilities, Weirdness & Mutations

You are immune to sickness and miasma.
Your stone body is resilient. (AC +3)
You are immune to poison.
You resist negative energy. (rN+)
You are resistant to electric shocks. (rElec)
You are resistant to unholy torment.
You are immune to petrification.


   Skills:
 - Level 3.2 Fighting
 + Level 4.1 Axes
 - Level 3.2 Armour
 - Level 3.2 Shields


You had 3 spell levels left.
You didn't know any spells.
Your spell library was empty.

Inventory:

Hand Weapons
 e - a +0 flail
 Y - a +1 war axe (weapon)
Missiles
 m - 3 boomerangs (quivered)
Armour
 b - a +0 scale mail (worn)
 c - a +0 buckler (worn)
Jewellery
 k - the amulet of Weaffaok (around neck) {Reflect -Cast Str+3 SH+5}
   (You found it on level 2 of the Dungeon)

   [amulet of reflection]

   It reflects blocked missile attacks.
   Str:       It affects your strength (+3).
   -Cast:     It prevents spellcasting.
   SH:        It affects your SH (+5).
Scrolls
 a - 3 scrolls of identify
Potions
 d - a potion of might
 f - a potion of lignification
 g - a potion of heal wounds
 h - a potion of invisibility {unknown}
 j - a potion of curing {unknown}

Dungeon Overview and Level Annotations

Branches:
Dungeon (3/15)

Altars:
Ashenzari


Message History

The gnoll hits you with a +0 spear.
You completely miss the gnoll.
The gnoll is moderately wounded.
The gnoll barely misses you.
You slash the gnoll!
The gnoll is almost dead.
The gnoll closely misses you.
You barely miss the gnoll.
The gnoll is almost dead.
The gnoll hits you with a +0 spear. You block the gnoll's attack. x2
You closely miss the gnoll.
You block the gnoll's attack. x2; The gnoll hits you but does no damage.
A ball python comes into view.
The ball python hisses angrily.
You hit the gnoll.
The gnoll is moderately wounded.
The gnoll hits you but does no damage. The gnoll closely misses you.
The gnoll hits you but does no damage.
You slash the gnoll!
You kill the gnoll!
The gnoll hits you from afar with a +0 spear.
You block the gnoll's attack. x2; The gnoll hits you but does no damage.
Your Axes skill increases to level 4!
You barely miss the rat. The rat barely misses you.
The gnoll closely misses you. You block the gnoll's attack.
You barely miss the rat. The rat bites you but does no damage.
You block the gnoll's attack. The gnoll hits you but does no damage.
You barely miss the rat. The gnoll barely misses you.
The rat bites you but does no damage.
You block the gnoll's attack. x2; The rat bites you but does no damage.
The gnoll hits you but does no damage.
You slash the rat!
You kill the rat!
The gnoll barely misses you. You block the gnoll's attack.
The gnoll barely misses you.
The gnoll hits you from afar with a +0 spear.
The gnoll hits you with a +0 spear.
You die...

#.##...####.....
##.#..#...##.....
.
#....####........
.. #.####
##....... ...
##.# ##......
.... #..#
##...... .....
#.## ####......%
......#.#
...........
.....g%@#
...........
.....#g##
.......<...
...#..g
#####.##...
....... # ####
##.... ##... ....
##...


You could see 3 gnolls.

Vanquished Creatures
  A gnoll (D:3)
  3 adders (D:2)
  An orc (D:2)
  4 ball pythons
  4 endoplasms
  2 giant cockroaches
  4 goblins
  3 hobgoblins
  4 jackals (D:1)
  2 bats (D:2)
  2 frilled lizards
  5 kobolds
  A rat (D:3)
36 creatures vanquished.

Notes
Turn   | Place    | Note
-------+----------+-------------------------------------------
     0 | D:1      | qw the Gargoyle Fighter began the quest for the Orb.
     0 | D:1      | Reached XP level 1. HP: 14/14 MP: 1/1
     0 | D:1      | 0 ||| qw: Version: 0.2-a-17-g06abaee
     0 | D:1      | 0 ||| qw: Game counter: 2298
     0 | D:1      | 0 ||| qw: Always use a shield: true
     0 | D:1      | 0 ||| qw: God list: Okawaru
     0 | D:1      | 0 ||| qw: Allow faded altars: false
     0 | D:1      | 0 ||| qw: Do Orc after D:15 true
     0 | D:1      | 0 ||| qw: Do second Lair branch before Depths: true
     0 | D:1      | 0 ||| qw: Lair rune preference: random
     0 | D:1      | 0 ||| qw: Plans: Normal, Zot:1-4, God:TSO, Crypt, Tomb,
                  | Pan, Slime:5, Hells, Abyss, Orb
     0 | D:1      | 0 ||| PLANNING D:1-11
   135 | D:1      | Reached skill level 2 in Axes
   150 | D:1      | 150 ||| Stepping ~*~*~tactically~*~*~ (stealth).
   159 | D:1      | Reached XP level 2. HP: 16/19 MP: 2/2
   380 | D:1      | Found a faded altar of an unknown god.
   813 | D:1      | 813 ||| UPGRADING to amulet of guardian spirit.
   818 | D:1      | 818 ||| READING 2 scrolls labelled EMANUIVVEHUR.
   819 | D:1      | 819 ||| DRINKING 2 blue potions.
   964 | D:2      | 964 ||| STAIRDANCE
   997 | D:2      | Reached skill level 3 in Axes
   997 | D:2      | Reached XP level 3. HP: 23/23 MP: 3/3
  1079 | D:2      | Identified the amulet of Weaffaok {Reflect -Cast Str+3
                  | SH+5}
  1315 | D:2      | 1315 ||| DROPPING +0 club.
  1330 | D:2      | 1330 ||| DROPPING +0 whip.
  1623 | D:2      | 1623 ||| UPGRADING to amulet of Weaffaok {Reflect -Cast
                  | Str+3 SH+5}.
  1633 | D:2      | 1633 ||| DROPPING amulet of guardian spirit.
  1634 | D:2      | 1634 ||| READING scroll labelled RAOMUFE ASIGYO.
  1635 | D:2      | 1635 ||| DRINKING 2 fizzy silvery potions.
  1674 | D:3      | 1674 ||| STAIRDANCE
  1677 | D:2      | Reached XP level 4. HP: 28/28 MP: 4/4
  1708 | D:3      | Found a broken altar of Ashenzari.
  1750 | D:3      | Reached skill level 4 in Axes
  1754 | D:3      | HP: 6/28 [gnoll/+0 spear (3)]
  1754 | D:3      | Slain by a gnoll

Levels and vault maps discovered:
D:1:      dpeg_arrival_round_a, layout_loops_ring,
          hellmonk_ecumenical_altar_run_dry
D:2:      layout_loops_cross, reono_crystal_passage, hangedman_decor_slide_cut,
          minmay_pentomino_z4
D:3:      layout_rooms, ashenzari_altar_1

Skill      XL: |  1  2  3  4 |
---------------+-------------+-----
Axes           | 2 3 4 |  4.1
Fighting       | |  3.2
Armour         | |  3.2
Shields        | |  3.2

Action                   |  1- 3 |  4- 6 || total
-------------------------+-------+-------++-------
Melee: War axe           |    86 |    14 ||   100
Throw: Boomerang         |     3 |     3 ||     6
  Use: Scroll            |     2 |       ||     2
       Potion            |     2 |       ||     2
Armor: Scale mail        |    36 |     9 ||    45
Dodge: Dodged            |    48 |    10 ||    58
Block: Buckler           |    15 |    14 ||    29

Table legend:
 A = Non-vault XP
 B = Vault XP
 C = Vault XP percentage of total XP
 D = Non-vault monster count
 E = Vault monster count
 F = Vault count percentage of total count
                 A         B        C        D         E       F
            +---------+---------+-------+---------+---------+-------
      Total |     104 |       7 |   6.3 |      32 |       4 |  11.1
            +---------+---------+-------+---------+---------+-------
        D:1 |      28 |       0 |   0.0 |      15 |       0 |   0.0
        D:2 |      56 |       7 |  11.1 |      12 |       4 |  25.0
        D:3 |      20 |       0 |   0.0 |       5 |       0 |   0.0
            +---------+---------+-------+---------+---------+-------
